 Dungeon Crawl Stone Soup version 0.29.0-4-gdea44cf6ec (webtiles) character file.

Game seed: 12303938114699457769

53 qw the Chopper (level 3, -2/21 HPs)
             Began as a Tengu Warper on Aug 28, 2022.
             Slain by Terence
             ... wielding a +0 morningstar
              (11 damage)
             ... on level 2 of the Dungeon.
             The game lasted 00:00:10 (1296 turns).

qw the Chopper (Tengu Warper)                       Turns: 1296, Time: 00:00:11

Health: -2/21      AC:  5    Str: 13    XL:     3   Next: 87%
Magic:  7/7        EV: 11    Int: 13    God:
Gold:   116        SH:  0    Dex: 13    Spells: 6/6 levels left

rFire   . . .      SeeInvis .   Y - +0 hand axe
rCold   . . .      Faith    .   (no shield)
rNeg    . . .      Spirit   .   h - +0 ring mail
rPois   .          Reflect  .   (helmet restricted)
rElec   .          Harm     .   (no cloak)
rCorr   .          Rampage  .   (no gloves)
Will    .....                   (boots unavailable)
Stlth   +.........              i - amulet of regeneration
HPRegen 0.87/turn               (no ring)
MPRegen 0.10/turn               (no ring)

@: no status effects
A: beak, talons 3
a: no special abilities


You were on level 2 of the Dungeon.
You visited 1 branch of the dungeon, and saw 2 of its levels.

You collected 116 gold pieces.


Innate Abilities, Weirdness & Mutations

You have a beak for a mouth.
You have claws for feet.


   Skills:
 - Level 2.0 Fighting
 + Level 4.5 Axes
 - Level 1.0 Throwing
 - Level 1.1 Armour
 - Level 2.1 Dodging
 - Level 2.0 Spellcasting
 - Level 2.4 Translocations


You had 6 spell levels left.
You didn't know any spells.
Your spell library contained the following spells:

 Spells                   Type           Power      Damage    Failure   Level
 Blink                    Tloc           14%        N/A       30%         2
 Gell's Gravitas          Tloc           7%         N/A       52%         3
 Lesser Beckoning         Tloc           7%         N/A       52%         3
 Teleport Other           Tloc           7%         N/A       52%         3
 Manifold Assault         Tloc           7%         N/A       99%         5

Inventory:

Hand Weapons
 f - a +0 club
 Y - a +0 hand axe (weapon)
Armour
 c - a +0 buckler
 h - a +0 ring mail (worn)
Jewellery
 a - a +4 ring of protection
 i - an amulet of regeneration (around neck)
Scrolls
 b - a scroll of noise {unknown}
 d - a scroll of identify
Potions
 g - a potion of might {unknown}

Dungeon Overview and Level Annotations

Branches:
Dungeon (2/15)

Altars:

Annotations:
D:2 Terence


Message History

The adder is moderately wounded.
The adder bites you but does no damage. The adder closely misses you.
You miss the adder. Your peck misses the adder.
The adder is moderately wounded.
The adder closely misses you.
You hit the adder. You claw the adder.
The adder is severely wounded.
The adder bites you but does no damage. The adder barely misses you.
You barely miss the adder. You claw the adder. Your peck misses the adder.
The adder is almost dead.
The adder barely misses you.
You miss the adder. Your kick misses the adder. You peck the adder.
You kill the adder!
Terence the Incautious comes into view.
He is wielding a +0 morningstar.
Terence is nearby!
You hit Terence. You claw Terence, but do no damage.
Terence is lightly wounded.
Terence hits you with a +0 morningstar!
You hit Terence but do no damage. You claw Terence, but do no damage.
Terence is lightly wounded.
Terence closely misses you.
You closely miss Terence. You peck Terence, but do no damage.
Terence is lightly wounded.
Terence closely misses you.
You hit Terence but do no damage.
Terence is lightly wounded.
Terence barely misses you.
You hit Terence. You peck Terence, but do no damage.
Terence is moderately wounded.
Terence hits you with a +0 morningstar.
You hit Terence but do no damage. You claw Terence.
You peck Terence, but do no damage.
Terence is moderately wounded.
Terence hits you with a +0 morningstar.
You hit Terence but do no damage. Your kick misses Terence.
Your peck misses Terence.
Terence is moderately wounded.
Terence hits you with a +0 morningstar!
Ouch! That really hurt!
You die...

########.....7PP
##...7~~~~
####>.7~~~~~
#.....7.~.~~
###.......~.~.
###.............
#...##..7PP~~..~
..#.@...777P~~PP
.....#@.## 7P~P~
........## 7~~~
.........


777 ...#...... .. ###.##.. .. .## ### ## You could see Terence.

Vanquished Creatures
  An adder (D:2)
  A worm (D:2)
  2 endoplasms
  2 giant cockroaches
  6 hobgoblins
  6 jackals (D:1)
  A quokka (D:1)
  3 ball pythons
  3 bats
  4 frilled lizards (D:1)
  4 goblins
  3 kobolds (D:1)
  2 rats (D:1)
38 creatures vanquished.

Vanquished Creatures (others)
  5 plants (D:2)
5 creatures vanquished.

Grand Total: 43 creatures vanquished

Notes
Turn   | Place    | Note
-------+----------+-------------------------------------------
     0 | D:1      | qw the Tengu Warper began the quest for the Orb.
     0 | D:1      | Reached XP level 1. HP: 12/12 MP: 4/4
     0 | D:1      | 0 ||| qw: Version: 0.1-a-89-g26bdef1
     0 | D:1      | 0 ||| qw: Game counter: 2822
     0 | D:1      | 0 ||| qw: Always use a shield: true
     0 | D:1      | 0 ||| qw: God list: Okawaru
     0 | D:1      | 0 ||| qw: Allow faded altars: false
     0 | D:1      | 0 ||| qw: Do Orc after D:15 true
     0 | D:1      | 0 ||| qw: Do second Lair branch before Depths: true
     0 | D:1      | 0 ||| qw: Lair rune preference: random
     0 | D:1      | 0 ||| qw: Plans: Normal
     0 | D:1      | 0 ||| PLANNING D:1-11
   374 | D:1      | Reached XP level 2. HP: 15/17 MP: 6/6
   415 | D:1      | Reached skill level 3 in Axes
   500 | D:1      | Found a faded altar of an unknown god.
  1011 | D:1      | 1011 ||| UPGRADING to +0 ring mail.
  1021 | D:1      | 1021 ||| DROPPING +0 leather armour.
  1022 | D:1      | 1022 ||| UPGRADING to amulet of regeneration.
  1027 | D:1      | 1027 ||| READING scroll labelled ENNU FAQAE.
  1028 | D:1      | 1028 ||| READING scroll labelled COJ BOAPPIHIN.
  1029 | D:1      | 1029 ||| DROPPING scroll of blinking.
  1061 | D:2      | 1061 ||| STAIRDANCE
  1067 | D:2      | 1067 ||| STAIRDANCE
  1072 | D:2      | 1072 ||| STAIRDANCE
  1078 | D:2      | 1078 ||| STAIRDANCE
  1086 | D:2      | 1086 ||| STAIRDANCE
  1089 | D:1      | Reached XP level 3. HP: 21/21 MP: 7/7
  1091 | D:2      | 1091 ||| STAIRDANCE
  1099 | D:2      | 1099 ||| STAIRDANCE
  1111 | D:2      | Reached skill level 4 in Axes
  1111 | D:2      | 1111 ||| STAIRDANCE
  1116 | D:2      | 1116 ||| STAIRDANCE
  1125 | D:2      | 1125 ||| STAIRDANCE
  1240 | D:2      | 1240 ||| Stepping ~*~*~tactically~*~*~ (stealth).
  1285 | D:2      | Noticed Terence
  1296 | D:2      | Slain by Terence

Levels and vault maps discovered:
D:1:      elethiomel_arrival_fortress_basement, layout_rooms,
          shapermc_ecumenical_altar_mp_highgroup
D:2:      layout_rooms, serial_bayou, serial_bayou_ford_a, serial_bayou_pond_a,
          serial_bayou_pond_d, serial_bayou_pond_b, serial_bayou_pond_b,
          serial_bayou_pond_c, mrwooster_statue_mirror, uniq_terence

Skill      XL: |  1  2  3 |
---------------+----------+-----
Axes           | 3 4 |  4.5
Fighting       | |  2.0
Throwing       | |  1.0
Armour         | |  1.1
Dodging        | |  2.1
Spellcasting   | |  2.0
Translocations | |  2.4

Action                   || total
-------------------------++-------
Melee: Hand axe          ||    87
       Kick              ||    22
       Peck              ||    12
       Punch             ||     1
Throw: Boomerang         ||     7
  Use: Scroll            ||     2
Armor: Ring mail         ||    21
       Leather armour    ||     1
Dodge: Dodged            ||    62

Table legend:
 A = Non-vault XP
 B = Vault XP
 C = Vault XP percentage of total XP
 D = Non-vault monster count
 E = Vault monster count
 F = Vault count percentage of total count
                 A         B        C        D         E       F
            +---------+---------+-------+---------+---------+-------
      Total |      63 |      13 |  17.1 |      32 |       6 |  15.8
            +---------+---------+-------+---------+---------+-------
        D:1 |      41 |       4 |   8.9 |      26 |       3 |  10.3
        D:2 |      22 |       9 |  29.0 |       6 |       3 |  33.3
            +---------+---------+-------+---------+---------+-------
